 Dungeon Crawl Stone Soup version 0.26-a0-1102-g347fe5baa7 (webtiles) character file.

Game seed: 8481711823003512110

1255 vvl the Grappler (level 8, -1/78 HPs)
             Began as a Troll Monk on Dec 16, 2020.
             Slain by a killer bee (8 damage)
             ... on level 6 of the Dungeon.
             The game lasted 00:21:51 (4304 turns).

vvl the Grappler (Troll Monk)                       Turns: 4304, Time: 00:21:52

Health: -1/78      AC:  6    Str: 19 (20) XL:     8   Next: 26%
Magic:  7/7        EV: 11    Int:  7 (8)  God:
Gold:   316        SH:  0    Dex: 11 (12) Spells: 7/7 levels left

rFire    . . .     SeeInvis .     - Unarmed
rCold    . . .     Faith    .   (no shield)
rNeg     . . .     Spirit   .   b - +0 robe
rPois    .         Reflect  .   (helmet restricted)
rElec    .         Harm     .   (no cloak)
rCorr    .         Rampage  .   (gloves unavailable)
Will     .....                  (boots unavailable)
Stlth    +.........             (no amulet)
HPRegen  0.63/turn              (no ring)
MPRegen  0.10/turn              (no ring)

@: confused, lethally poisoned (-1 -> -5), attractive
A: large, unfitting armour, claws 3, regeneration 1, shaggy fur 1, tough skin 3
a: no special abilities


You were on level 6 of the Dungeon.
You visited 1 branch of the dungeon, and saw 6 of its levels.

You collected 316 gold pieces.

Inventory:

Hand Weapons
 a - a +0 mace
 w - a +0 dagger of freezing
 y - a +0 dagger of draining
Armour
 b - a +0 robe (worn)
Magical Staves
 s - an uncursed staff of poison {unknown}
Jewellery
 g - an uncursed ring of fire {unknown}
 x - an uncursed ring of stealth {unknown}
Wands
 v - a wand of acid (8)
 z - a wand of iceblast (7)
Scrolls
 c - a scroll of immolation {unknown}
 d - 2 scrolls of identify {unknown}
 e - 6 scrolls of remove curse {unknown}
 f - a scroll of teleportation {unknown}
 h - a scroll of noise {unknown}
 k - 3 scrolls of amnesia {unknown}
 l - a scroll of enchant weapon {unknown}
 p - a scroll of fear {unknown}
 t - a scroll of enchant armour {unknown}
Potions
 j - 2 potions of degeneration
 n - a potion of lignification {unknown}
 o - a potion of brilliance {unknown}
 r - a potion of attraction
 u - a potion of mutation {unknown}


   Skills:
 * Level 3.9 Fighting
 - Level 2.6 Maces & Flails
 + Level 3.5 Dodging
 - Level 1.0 Stealth
 * Level 8.6 Unarmed Combat


You had 7 spell levels left.
You didn't know any spells.
Your spell library was empty.

Dungeon Overview and Level Annotations

Branches:
Dungeon (6/15)
 Temple: D:4-7

Altars:

Shops:
D:4 *   D:5 =


Innate Abilities, Weirdness & Mutations

You are too large for most types of armour.
You have claws for hands.
Your natural rate of healing is unusually fast.
You are covered in fur. (AC +1)
You have extremely tough skin. (AC +3)


Message History

You bump into the rock wall.
You feel sick. The killer bee completely misses you.
The killer bee closely misses you.
You bump into the rock wall.
You feel sick. The killer bee stings you!
* * * LOW HITPOINT WARNING * * *
You are more poisoned.
The killer bee poisons you! The killer bee barely misses you.
You're too confused to move!
You feel sick. The killer bee stings you!
* * * LOW HITPOINT WARNING * * *
The killer bee barely misses you.
You're too confused to move!
You feel sick. The killer bee stings you.
* * * LOW HITPOINT WARNING * * *
The killer bee barely misses you.
You bump into the rock wall.
You feel sick. The killer bee stings you.
* * * LOW HITPOINT WARNING * * *
The killer bee barely misses you.
You are more confused.
You feel more invigorated.
You feel sick. The killer bee stings you.
* * * LOW HITPOINT WARNING * * *
The killer bee stings you!
You die...

.....##.............#...#
.....##...>.........#...#
.....##.........##......#
.....##.................#
.####..........###[....##
#####..........###.<...######
###.............###.........#
....#...........###.........#
....######......@yy.........#####
###.# #.......##..#.....###.... #
#.# #.................# #.##.
###.#####.###.#.#.........###.##.
.[......................>.....##.
#.#.#####.....#.#.....#.......#..
#.#.#####.....#.#..##.#.#####.###
#.#.............#..##.#.# #.#
..............#..... #. #.#


You could see 2 killer bees.

Vanquished Creatures
  A sky beast (D:4)
  A centaur (D:5)
  2 ogres (D:4)
  A wyvern skeleton (D:6)
  4 killer bees (D:5)
  3 hounds
  5 orc wizards
  5 orc priests
  A centaur skeleton (D:4)
  2 worker ants
  An iguana (D:4)
  2 hound skeletons
  6 adders
  2 shadow imps (D:5)
  A white imp (D:5)
  An ooze (D:3)
  An adder skeleton (D:4)
  4 worms
  3 dart slugs
  2 leopard geckos
  21 orcs
  5 bats
  2 giant cockroaches
  5 goblins
  5 hobgoblins
  A jackal (D:3)
  7 kobolds
  A ball python (D:6)
  A leopard gecko skeleton (D:4)
  4 rats
100 creatures vanquished.

Notes
Turn   | Place    | Note
-------+----------+-------------------------------------------
     0 | D:1      | vvl the Troll Monk began the quest for the Orb.
     0 | D:1      | Reached XP level 1. HP: 22/22 MP: 0/0
   155 | D:1      | Reached XP level 2. HP: 29/29 MP: 1/1
   291 | D:1      | Reached skill level 1 in Unarmed Combat
   844 | D:2      | Reached XP level 3. HP: 36/36 MP: 2/2
   873 | D:2      | Reached skill level 2 in Unarmed Combat
  1503 | D:3      | Reached skill level 3 in Unarmed Combat
  1503 | D:3      | Reached XP level 4. HP: 45/45 MP: 3/3
  2244 | D:4      | Reached XP level 5. HP: 50/53 MP: 4/4
  2266 | D:4      | Found Nosuroa's General Store.
  2292 | D:4      | Reached skill level 4 in Unarmed Combat
  2507 | D:4      | Noticed an ogre
  2516 | D:4      | Killed an ogre
  2517 | D:4      | Reached skill level 5 in Unarmed Combat
  2517 | D:4      | Reached XP level 6. HP: 56/61 MP: 5/5
  2534 | D:4      | Noticed a sky beast
  2547 | D:4      | Killed a sky beast
  2548 | D:4      | Reached skill level 6 in Unarmed Combat
  2553 | D:4      | Reached XP level 7. HP: 23/67 MP: 6/6
  3343 | D:5      | Entered Level 5 of the Dungeon
  3344 | D:5      | Found Tobroib's Jewellery Shop.
  3466 | D:5      | Reached skill level 7 in Unarmed Combat
  3984 | D:5      | Reached skill level 8 in Unarmed Combat
  3984 | D:5      | Reached XP level 8. HP: 78/78 MP: 7/7
  4304 | D:6      | Slain by a killer bee

Illustrated notes

Levels and vault maps discovered:
D:1:      lemuel_arrival_rhombus, layout_basic, serial_glass, glass_columns_a,
          glass_columns_a
D:2:      layout_basic
D:3:      minmay_door_path, layout_basic
D:4:      layout_loops_ring, serial_shops, shop, chequers_serial_rivers_micro_a,
          minmay_increasing_density
D:5:      layout_rooms, serial_shops, shop_coins
D:6:      layout_basic, kennysheep_vampire_church, uniq_edmund

Skill      XL: |  1  2  3  4  5  6  7 |
---------------+----------------------+-----
Unarmed Combat | 1 3 5 6 8 |  8.6
Fighting       | 3 |  3.9
Dodging        | 3 |  3.5
Maces & Flails | |  2.6
Stealth        | |  1.0

Action                   |  1- 3 |  4- 6 |  7- 9 || total
-------------------------+-------+-------+-------++-------
Melee: Unarmed           |    77 |   105 |   147 ||   329
       Punch             |       |       |     1 ||     1
  Use: Potion            |       |       |    10 ||    10
 Stab: Sleeping          |     2 |     3 |     1 ||     6
Armor: Robe              |    30 |    22 |    37 ||    89
Dodge: Dodged            |    36 |    50 |   115 ||   201

Table legend: (Time is in decaauts)
 A = Elapsed time spent in this place.
 B = Non-inter-level travel time spent in this place.
 C = Inter-level travel time spent in this place.
 D = Time resting spent in this place.
 E = Time spent auto-exploring this place.
 F = Levels seen in this place.
 G = Mean time per level.
                   A        B        C        D        E       F      G
               +--------+--------+--------+--------+--------+-----+--------+
         Total |   4274 |   3942 |    332 |    497 |   2754 |   6 |  712.3 |
       Dungeon |   4274 |   3942 |    332 |    497 |   2754 |   6 |  712.3 |
               +--------+--------+--------+--------+--------+-----+--------+

Top non-repeatable levels by time:
     D:4: 1136 daAuts
     D:1: 804 daAuts
     D:3: 760 daAuts
     D:2: 628 daAuts
     D:5: 546 daAuts
     D:6: 399 daAuts
